[Event "American Cup Women Elimination 2023"]
[Site "Saint Louis"]
[Date "2023.03.19"]
[Round "1.1"]
[White "Zatonskih, Anna"]
[Black "Pourkashiyan, Atousa"]
[Result "1/2-1/2"]
[ECO "E36"]
[WhiteElo "2337"]
[BlackElo "2313"]
[Annotator "TA"]
[PlyCount "94"]
[EventDate "2023.03.15"]
[EventType "k.o."]
[EventCountry "USA"]
[SourceTitle "playchess.com"]
[Source "ChessBase"]
[SourceQuality "1"]
[TimeControl "1500+10"]

1. d4 Nf6 2. c4 e6 3. Nc3 Bb4 4. Qc2 d5 5. a3 Bxc3+ 6. Qxc3 O-O 7. Nf3 dxc4 8. Qxc4 b6 {[%emt 0:00:05] Black is weak on the dark squares} 9. Bg5 {[%emt 0:00:40] E36: Nimzo-Indian: Classical: 4...d5 5 a3.} Ba6 10. Qc2 Nbd7 {[%emt 0:01:08] 10...h6 is the modern continuation.} (10... h6 $5 11. Bxf6 Qxf6 $11) 11. Ne5 c5 12. Nxd7 $1 Qxd7 13. Bxf6 gxf6 14. dxc5 bxc5 15. h4 {[%emt 0:00:47] [#]} Rfd8 $146 ({Predecessor:} 15... Rab8 16. Rb1 Rfd8 17. Rh3 Rb6 18. e4 c4 19. Be2 Qc7 20. Rg3+ Kf8 21. b4 Rd4 {0-1 Cramling Bellon,A (2025)-Erenberg,A (2409) Gibraltar Masters 17th 2019 (7)}) 16. Rh3 Rab8 17. Rg3+ Kh8 18. Rc3 c4 19. e3 Qb7 (19... Qd5 $1 $15 {should be considered.}) 20. Rb1 $11 Rd6 21. b4 cxb3 22. Rcxb3 (22. Rbxb3 $5 Rb6 $8 23. Bxa6 (23. Rc7 $2 Rxb3 24. Rxb7 R3xb7 $19) 23... Qxa6 24. Rxb6 Rxb6 25. Qd3 $11) 22... Rb6 23. Rxb6 axb6 24. Qc3 e5 (24... Kg7 $11 {keeps the balance.}) 25. Rc1 (25. Bxa6 $16 Qxa6 26. Qc7) 25... Kg7 {[%emt 0:01:17] The position is equal.} 26. Qc7 Qxc7 27. Rxc7 Bxf1 28. Kxf1 {[%emt 0:00:01][%mdl 4096] Endgame KR-KR} Ra8 29. Rb7 Rxa3 30. Rxb6 h5 31. g3 Ra4 32. Ke2 Ra3 33. Kf3 Kg6 34. Rb4 Ra2 35. Rb8 Rc2 36. Rg8+ Kh7 37. Rf8 Kg6 38. Ra8 Rb2 39. Ra3 Rc2 40. Ra4 Kf5 41. e4+ Kg6 42. Ra3 Rb2 43. Rc3 Ra2 44. Rd3 Rb2 45. Rc3 Ra2 46. Rd3 Rb2 47. Rc3 Ra2 {[%emt 0:00:02] Weighted Error Value: White=0.11 (very precise) /Black=0.11 (very precise)} 1/2-1/2

[Event "American Cup Women Elimination 2023"]
[Site "Saint Louis"]
[Date "2023.03.19"]
[Round "1.1"]
[White "Nemcova, Katerina"]
[Black "Abrahamyan, Tatev"]
[Result "0-1"]
[ECO "A18"]
[WhiteElo "2325"]
[BlackElo "2294"]
[Annotator "TA"]
[PlyCount "114"]
[EventDate "2023.03.15"]
[EventType "k.o."]
[EventCountry "USA"]
[SourceTitle "playchess.com"]
[Source "ChessBase"]
[SourceQuality "1"]
[TimeControl "1500+10"]

1. c4 Nf6 2. Nc3 e6 3. e4 d5 4. cxd5 exd5 5. e5 Ne4 6. Nf3 Be7 {[%emt 0:00:15] A18: English Opening: Flohr-Mikenas System (1 c4 Nf6 2 Nc3 e6 3 e4).} 7. d4 c5 8. Bd3 Nxc3 {[%emt 0:03:02] The position is equal.} (8... Qa5 $5) 9. bxc3 Bg4 10. O-O (10. h3 $5 Be6 11. Rb1 $14) 10... Nc6 11. Be3 {[%emt 0:01:35] [#]} (11. h3 $14 Be6 12. dxc5) 11... O-O $146 (11... c4 $11 12. Bc2 b5) ({Predecessor:} 11... cxd4 12. cxd4 h6 13. h3 Bxf3 14. Qxf3 Rc8 15. Rab1 b6 16. Qg3 Kf8 17. Rfc1 Nb4 18. Rxc8 Qxc8 {1-0 Rosen,E (2360)-Rensch,D (2402) I'M Not A GM Speed Chess blitz 2022 (3.31)}) 12. h3 $14 (12. dxc5 Nxe5 13. Be2 Nc4 $11) 12... Bh5 13. Qb1 Bxf3 14. gxf3 (14. Bxh7+ Kh8 15. Bd3 (15. gxf3 g6 $17) 15... Bh5 $17) 14... g6 15. f4 cxd4 16. cxd4 f5 (16... Rb8 $14) 17. a3 (17. Qxb7 $16 Nb4 18. Bb5) 17... Qd7 18. Kh2 Rac8 19. Qa2 Na5 20. Rac1 ({Better is} 20. a4 $14) 20... b5 $1 $11 21. Rg1 Nc4 (21... Kh8 {is more complex.} 22. Kg3 Nc4 23. a4 a6) 22. a4 a6 23. axb5 axb5 24. Qb3 Rc7 25. Ra1 b4 26. Ra6 Qc8 27. Qa4 Nb2 28. Qb3 Nxd3 29. Qxd3 (29. Rb6 $2 Rc3 30. Qxd5+ Kh8 $19) 29... Qd7 30. Bd2 Rc4 (30... Rb8 $5) 31. Rga1 Rfc8 32. Ra7 R8c7 33. Ra8+ Kg7 34. Rb8 Rb7 (34... Ra7 {seems wilder.} 35. Ra8 Rxa8 36. Rxa8 Qb7) 35. Rxb7 Qxb7 36. Rb1 Qb6 37. Be3 Qa7 38. Rg1 Kf7 {[%emt 0:00:09] Threatens to win with ...Qa2.} 39. Qd1 (39. Rb1 $17 {might work better.}) 39... Qa2 $19 40. Qf3 Rc3 $2 (40... Ke6 $19 {Hoping for ...b3.} 41. h4 Bxh4) 41. Qg2 $2 (41. h4 $1 $11 {and White has nothing to worry.}) 41... Ke6 42. h4 (42. Re1 $142 b3 43. Qf1) 42... Bxh4 {[%emt 0:00:17] White must now prevent ...b3. White is weak on the light squares} 43. Qh3 $2 {[%emt 0:00:08] [#]} (43. Re1 {was the only chance.}) 43... Rxe3 $1 44. Qxh4 {[%emt 0:00:04][%mdl 4096] Endgame KQR-KQR} Rf3 $2 {[%emt 0:00:08][%mdl 8192] Active counter play!} (44... Ra3 $11) 45. Qf6+ Kd7 46. e6+ $1 Kc7 47. Rc1+ Rc3 48. Qe7+ $2 (48. Qe5+ $1 $18 Kb7 49. Rf1) 48... Kc6 $11 49. Qd7+ Kb6 {[%emt 0:00:02] Really sharp!} 50. Qd6+ Kb5 $2 {[%emt 0:00:15][%mdl 8192] [#]} (50... Ka7 $1 $11 51. Rf1 (51. Qe7+ Ka6 $11) 51... Qe2 52. Ra1+ Ra3 53. Rxa3+ bxa3 54. Qxa3+ Kb7 55. Qe7+ Ka6) 51. Qb8+ $4 (51. Qd7+ Kc4 52. Kg2 (52. Qc6+ Kd3 $11) 52... Qe2 53. Rxc3+ Kxc3 $11) (51. Rf1 $1 $18 {was the only winning move.}) 51... Kc4 $19 52. Qc7+ $2 {[%emt 0:00:12] [#]} (52. Rxc3+ bxc3 53. Kg2) 52... Kd3 $1 (52... Kxd4 53. Qb6+ (53. Qxh7 $2 Qxf2+ 54. Kh1 Rxc1#) (53. Rd1+ Ke4 $11) 53... Kc4 54. e7 Rxc1 55. e8=Q $16 (55. e8=B $2 Qd2 $19)) (52... Kb3 53. Rxc3+ bxc3 54. Qb7+ Kc4 55. Kg2 $15) 53. Rxc3+ bxc3 54. Kg2 Qe2 (54... Kxd4 55. Qe5+ Kd3 56. e7 $18) 55. e7 c2 {[%emt 0:00:14] ( -> ...Qe1)} (55... Kxd4 $2 56. Qb6+ Kd3 57. Qb5+ Kd2 58. Qxe2+ (58. e8=R {is a self mate.} Qxb5 59. Rh8 c2 60. Rc8 c1=Q 61. Rxc1 Kxc1 62. Kg1 Kd2 63. Kh2 Qf1 64. Kg3 Qg1+ 65. Kh3 Ke2 66. f3 Kxf3 67. Kh4 Qg4#) (58. e8=Q Qg4+ 59. Kh2 Qh5+ 60. Kg3 Qg4+ 61. Kh2 Qh5+ 62. Kg3 Qg4+ 63. Kh2 $11) 58... Kxe2 59. e8=Q+ $18 (59. e8=B {leads to mate.} c2 60. Kg3 c1=Q 61. Bb5+ Ke1 62. Bd7 Qc5 63. Bxf5 Qxf2+ 64. Kg4 Qg2+ {[%mdl 64] Deflection} 65. Kh4 gxf5 66. Kh5 Qg6+ 67. Kh4 Qg4#)) 56. Qe5 Qg4+ (56... c1=B $2 57. Qxe2+ (57. e8=R Qg4+ 58. Kf1 Qf3 $15) 57... Kxe2 58. e8=Q+ $18 (58. e8=B Kd3 $17)) 57. Kh2 c1=Q {[%emt 0:00:10] Black used his chance.   Weighted Error Value: White=0.84/Black=0.32} 0-1

[Event "American Cup Women Elimination 2023"]
[Site "Saint Louis"]
[Date "2023.03.21"]
[Round "2.1"]
[White "Tokhirjonova, Gulrukhbegim"]
[Black "Pourkashiyan, Atousa"]
[Result "1-0"]
[ECO "E36"]
[WhiteElo "2332"]
[BlackElo "2313"]
[Annotator "TA"]
[PlyCount "101"]
[EventDate "2023.03.15"]
[EventType "k.o."]
[EventCountry "USA"]
[SourceTitle "playchess.com"]
[Source "ChessBase"]
[SourceQuality "1"]
[TimeControl "1500+10"]

1. d4 Nf6 2. c4 e6 3. Nc3 Bb4 4. Qc2 d5 5. a3 Bxc3+ 6. Qxc3 O-O 7. Nf3 dxc4 8. Qxc4 b6 {[%emt 0:00:04] Black is weak on the dark squares} 9. Bg5 {[%emt 0:00:43] E36: Nimzo-Indian: Classical: 4...d5 5 a3.} Ba6 10. Qc1 Nbd7 11. e4 {[%emt 0:02:02] The position is equal.} Bxf1 {[%emt 0:00:28] [#]} (11... Qc8 {keeps more tension.} 12. Bxa6 Qxa6 13. Qc6 h6) 12. Kxf1 $146 {[%emt 0:00:03] Strongly threatening e5.} ({Predecessor:} 12. Rxf1 Qc8 13. Qc6 Qa6 14. e5 Qa5+ 15. b4 Qd5 16. Rc1 Qxc6 17. Rxc6 Nd5 18. Ke2 {½-½ Shankland,S (2710)-Gadimbayli,A (2524) Gashimov Memorial Rapid 8th 2022 (3)}) 12... h6 13. Bh4 {[%emt 0:00:06] And now e5 would win.} Qc8 14. Qe3 (14. Qc6 $11) 14... c5 $15 15. h3 cxd4 16. Nxd4 Qc4+ 17. Kg1 e5 18. Nf5 Qxe4 19. Qxe4 Nxe4 20. Rd1 Ndc5 21. b4 (21. Re1 $11) 21... Nc3 (21... Ne6 $1 $15) 22. Re1 $11 Nd3 {[%emt 0:06:35] Excellent horsemanship.} 23. Re3 e4 24. f3 Rfe8 25. fxe4 Nf4 26. Kh2 (26. Rxc3 $2 {perishes.} Ne2+ 27. Kh2 Nxc3 $19) (26. Ne7+ Kf8 27. Kh2 g5 $15) 26... Nb5 27. Rd1 a5 (27... Ng6 $14) 28. a4 $18 {[%emt 0:01:20] Hoping for bxa5.} Nc7 {[%emt 0:00:02] [#]} 29. b5 Nce6 30. Nd6 Rf8 31. Be7 Rfb8 32. Nc4 Rb7 {[%emt 0:00:44] Inhibits Rd7.} 33. Ba3 Ng5 34. h4 Nge6 {[%emt 0:00:02] [#]} 35. g3 (35. Rd6 $1 $18) 35... Ng6 (35... Rc8 $16) 36. Rd6 Rab8 37. Red3 $2 ({White should play} 37. Kh3 $18) 37... Ngf8 $2 (37... Rc7 $1 $11 {and Black has nothing to worry.} 38. Rc6 (38. Nxb6 Ne5 $11) (38. Rxb6 Rbc8 $11) 38... Rxc6 39. bxc6 Rc8) 38. Ne5 (38. Kh3 $18 {and White stays clearly on top.}) 38... Rc8 (38... Rc7 $16) 39. Rc6 Rcb8 40. Rcd6 (40. Rd5 $18) 40... Rc8 $16 41. Nc6 $36 {[%emt 0:00:02][%mdl 2048] White is really pushing. White has more active pieces.} h5 (41... Rbc7 $142) 42. Rd2 (42. R6d5 $142) 42... Ng6 {[%emt 0:00:02] Repels Ne7+} (42... g6 $16 {was called for.}) 43. Rd7 Rcc7 44. Rxc7 Rxc7 45. Rd5 Nef8 (45... f6 $16 {keeps fighting.} 46. Rxh5 Kf7) 46. Rxh5 $18 f6 47. Rd5 {[%emt 0:00:04] aiming for h5.} Nd7 48. Bd6 {[%emt 0:00:09] Dodges Nge5} Rc8 (48... Rb7 49. Kh3 Ngf8) 49. h5 Re8 50. hxg6 Rxe4 51. Be7 {[%emt 0:00:07] Weighted Error Value: White=0.28 (precise) /Black=0.47} (51. Bf4 $142 Re8 52. Rxd7 Re2+ 53. Kh3 Re8 54. Rf7 Re6 55. Ne7+ Rxe7 56. Rxe7 Kf8 57. Re6 f5 58. Bd6+ Kg8 59. Re8#) 1-0

[Event "American Cup Women Elimination 2023"]
[Site "Saint Louis"]
[Date "2023.03.21"]
[Round "2.1"]
[White "Paikidze, Nazi"]
[Black "Abrahamyan, Tatev"]
[Result "1-0"]
[ECO "E01"]
[WhiteElo "2314"]
[BlackElo "2294"]
[Annotator "TA"]
[PlyCount "67"]
[EventDate "2023.03.15"]
[EventType "k.o."]
[EventCountry "USA"]
[SourceTitle "playchess.com"]
[Source "ChessBase"]
[SourceQuality "1"]
[TimeControl "1500+10"]

1. d4 Nf6 2. c4 e6 3. g3 d5 4. Nf3 h6 5. Bg2 Bd6 6. O-O {[%emt 0:00:03] E01: Catalan: Early deviations.} O-O 7. b3 b6 8. Bb2 {[%emt 0:00:02] White has an edge.} Bb7 9. Nc3 a6 10. Rc1 Nbd7 11. Nd2 {[%emt 0:03:29] [#]} c5 $146 {[%emt 0:05:17] [#]} (11... Qe7 $14) ({Predecessor:} 11... Re8 12. e4 c5 13. exd5 exd5 14. Nxd5 Nxd5 15. cxd5 Bf8 16. Nc4 Nf6 17. dxc5 Bxc5 {1-0 Gelfand,B (2663)-Nihal,S (2662) Wch Rapid Warsaw 2021 (13)}) 12. dxc5 ({White should play} 12. cxd5 $1 $16 {Threatens to win with Nce4.} Nxd5 13. Nxd5 Bxd5 14. e4) 12... bxc5 (12... Bxc5 $14 13. cxd5 exd5) 13. cxd5 $16 exd5 14. Nc4 dxc4 15. Bxb7 Ra7 16. Qxd6 (16. Bg2 $142 Nb6 17. Na4) 16... Rxb7 17. Qxa6 {[%emt 0:00:06] White is much more active.} Qa8 18. Qxc4 Rb4 {[%emt 0:00:29] Prevents Na4} 19. Qd3 c4 20. Qf5 (20. bxc4 $2 Rxb2 21. Qd4 Rfb8 $19) 20... cxb3 21. a3 Rb6 22. Rfd1 Re6 23. e4 Rfe8 24. Nb5 $2 {[%emt 0:01:59] [#]} (24. Nd5 $16 {Nc7 is the strong threat.} Rc6 25. Qf3 (25. Rxc6 Qxc6 26. Rc1 Qa4 $16) 25... Rxc1 26. Rxc1) 24... g6 $2 (24... Qxe4 $2 25. Qxe4 Rxe4 26. Nd6 $18) (24... Re5 $1 $17 {[%cal Re5f5] and life is bright.} 25. Bxe5 Rxe5) 25. Qf3 $36 {[%emt 0:04:13][%mdl 2048] White is really pushing.} Rxe4 26. Qc3 {[%emt 0:02:47] Prevents Re1+} (26. Bxf6 $6 Re1+ 27. Kg2 Qxf3+ 28. Kxf3 Rxd1 29. Rxd1 Nxf6 $11) ({White should try} 26. Qxb3 $1 $18 {Nd6 would be deadly.} Qb8 27. a4) 26... R8e5 $2 (26... Re2 $16 {keeps fighting.} 27. Nc7 (27. Qxb3 Nc5 $11) (27. Rxd7 Rxf2 {[%mdl 64] Decoy} 28. Kxf2 Ne4+ 29. Kg1 Nxc3 $14) 27... Qa7) 27. Nd6 (27. Qxb3 Nc5 28. Qc3 Ng4 $16) 27... Re2 $2 (27... Rc5 28. Qxc5 (28. Qxb3 Re6 $16) 28... Nxc5 29. Bxf6 (29. Rxc5 Ne8 $18 {[%mdl 64] Decoy}) 29... Re6) 28. Qxb3 {[%emt 0:00:47] White is clearly winning.} Rxb2 29. Qxf7+ Kh8 30. Qxg6 Re7 31. Rc8+ ({Weaker is} 31. Qxh6+ Rh7 32. Qf4 Rb8 $16) 31... Qxc8 32. Nxc8 Rg7 33. Qxh6+ Kg8 34. Qe3 {[%emt 0:00:21] Artfully played by Paikidze.   Weighted Error Value: White=0.29 (precise) /Black=0.34} 1-0

[Event "American Cup Women Elimination 2023"]
[Site "Saint Louis"]
[Date "2023.03.19"]
[Round "2.1"]
[White "Pourkashiyan, Atousa"]
[Black "Zatonskih, Anna"]
[Result "1-0"]
[ECO "C10"]
[WhiteElo "2313"]
[BlackElo "2337"]
[Annotator "TA"]
[PlyCount "143"]
[EventDate "2023.03.15"]
[EventType "k.o."]
[EventCountry "USA"]
[SourceTitle "playchess.com"]
[Source "ChessBase"]
[SourceQuality "1"]
[TimeControl "1500+10"]

1. e4 e6 2. d4 d5 3. Nc3 dxe4 4. Nxe4 Nd7 5. Nf3 Ngf6 6. Nxf6+ Nxf6 7. Be3 Bd6 {[%emt 0:00:47] is recently more successful than 7...Be7. C10: French with 3 Nc3: Unusual Black 3rd moves and 3...dxe4.} 8. Bd3 O-O 9. Qe2 b6 {[%emt 0:00:06] The position is equal.} 10. O-O-O Bb7 11. Ne5 Nd5 12. Bd2 Nb4 {[%emt 0:00:09] [#]} (12... Qh4 {simplifies} 13. Nf3 Qh5 14. Be4 f5) 13. Be4 $146 ({Predecessor:} 13. Bxb4 Bxb4 14. c3 Bd6 15. f4 g6 16. h4 Qf6 17. Rdf1 Rad8 18. h5 c5 19. Qg4 Kg7 20. hxg6 hxg6 21. f5 exf5 22. Rxf5 Bxe5 23. Rxf6 Bxf6 24. Qf4 {1-0 Fressinet,L (2656)-Marzolo,C (2474) FRA-chT Top 16 GpA 2008 (5)}) 13... Bxe4 14. Qxe4 a5 15. a3 Bxe5 16. Qxe5 (16. dxe5 $5 Qd5 17. Rhe1 $11) 16... Nc6 17. Qe4 Qd5 (17... Qxd4 $2 18. Qxc6 Qxf2 19. Rhf1 $18) (17... Nxd4 18. Bf4 c5 19. c3 $16) 18. Qxd5 exd5 19. Bf4 Rac8 20. Rhe1 Nd8 {[%emt 0:02:11] Black is weak on the dark squares} 21. g4 Ne6 22. Bg3 Rfd8 23. f4 Rd7 24. Re5 c6 25. h4 Kf8 26. f5 Nc7 {[%emt 0:00:02] [#]} 27. f6 gxf6 $11 28. Rf5 Ne8 29. Rdf1 c5 30. Bf2 Rc6 31. Be3 Re6 32. Bh6+ Kg8 ({Black should try} 32... Ke7 $11) 33. dxc5 $14 bxc5 34. b3 (34. h5 $14 {was preferrable.}) 34... Re5 (34... a4 $11) 35. R5f3 (35. Bd2 $16) 35... Re6 (35... a4 $11) 36. Bd2 Ra6 37. a4 Kg7 38. g5 (38. Rf5 $16) 38... fxg5 $11 39. hxg5 d4 (39... Nc7 $11) 40. Rh1 Kg8 41. Rfh3 f6 {[%emt 0:00:02] [#]} (41... f5 $16 {was necessary.}) 42. g6 $1 $18 Raa7 (42... c4 $142 43. bxc4 (43. gxh7+ Kh8 $16) 43... Rc6) (42... hxg6 43. Rh8+) 43. gxh7+ Kh8 44. Re1 Ng7 45. Rh6 Rf7 46. Rg1 Ra8 47. Rf1 Ne8 (47... Ra6 $16 48. Kd1 Rf8) 48. Rh5 Rc7 49. Rg1 Ng7 50. Rh6 Rf7 51. Rhg6 (51. Rgg6 $18) 51... Raa7 $2 (51... Kxh7 $16 {might work better.} 52. Rh6+ Kg8) 52. Rh1 Ra8 53. Rg2 (53. Rh4 $18 {has better winning chances.}) 53... Ne6 54. Rh5 Rxh7 55. Rf5 {[%emt 0:00:01] White is more active.} Rg7 $2 (55... d3 $16) 56. Rh2+ Kg8 57. Rxf6 Ng5 58. Rfh6 {[%emt 0:00:21] aiming for Rh8+.} Kf7 59. Rf2+ Kg8 60. Rfh2 {[%emt 0:00:11] Hoping for Rh8+.} Kf7 $1 61. Rc6 (61. Re2 $1 $18 ) 61... Ne4 $16 62. Re2 (62. Rc7+ $142 $1 Kg8 63. Rxg7+ Kxg7 64. Re2) 62... Rg1+ {[%emt 0:00:19] [#]} 63. Kb2 $1 Re8 $2 (63... Rg4 $16 {was worth a try.} 64. Be1 Rf4) 64. Bxa5 $18 Nc3 $2 {[%emt 0:00:03] [#]} (64... Rg6) 65. Rf2+ $1 {[%emt 0:00:09] White is clearly winning.} (65. Bxc3 $2 {perishes.} dxc3+ 66. Kxc3 Rxe2 $19) 65... Kg7 {[%emt 0:00:18] ( -> ...Rb1+)} 66. Bxc3 (66. Rxc5 $2 {is the wrong capture.} Nd1+ 67. Ka3 Nxf2 $19) 66... dxc3+ 67. Kxc3 {[%emt 0:00:01] KRR-KRR} Re5 68. Rd2 Rg3+ 69. Kb2 (69. Rd3 $142 Rg1 70. Rd7+ Kf8 71. Rc8+ Re8 72. Rxc5) 69... Kf7 70. Rd7+ Ke8 71. Rh7 Kd8 {[%emt 0:00:37] Prevents Rc8+.} 72. Ra6 {[%emt 0:00:08] Weighted Error Value: White=0.30/Black=0.26 (precise)} 1-0

[Event "American Cup Women Elimination 2023"]
[Site "Saint Louis"]
[Date "2023.03.21"]
[Round "2.2"]
[White "Pourkashiyan, Atousa"]
[Black "Tokhirjonova, Gulrukhbegim"]
[Result "0-1"]
[ECO "C42"]
[WhiteElo "2313"]
[BlackElo "2332"]
[Annotator "TA"]
[PlyCount "66"]
[EventDate "2023.03.15"]
[EventType "k.o."]
[EventCountry "USA"]
[SourceTitle "playchess.com"]
[Source "ChessBase"]
[SourceQuality "1"]
[TimeControl "1500+10"]

1. e4 e5 2. Nf3 Nf6 3. Nxe5 d6 4. Nf3 Nxe4 5. Nc3 Nxc3 6. dxc3 Be7 7. Bf4 Nd7 8. Qd2 O-O {[%emt 0:00:16] now supersedes 8...Nc5.} 9. O-O-O Nc5 10. Kb1 {[%emt 0:00:30] C42: Petroff Defence: 3 Nxe5 and unusual White 3rd moves.} Re8 11. Be3 (11. Bc4 {feels hotter.} Bf5 12. Be3 Bf6 13. Bxc5 dxc5 14. Qf4) 11... Ne4 12. Qe1 {[%emt 0:05:35] [#] The position is equal.} Bf8 $146 ({Predecessor:} 12... Bf6 13. Nd4 Bg5 14. Bxg5 Nxg5 15. Be2 Ne6 {½-½ Bakre,T (2491)-Suvrajit,S (2395) IND-ch Visakhapatnam 2004 (5)}) 13. h4 c6 (13... Bg4 $15) 14. c4 (14. Ng5 $142) 14... a6 15. Ng5 h6 16. Nxe4 Rxe4 17. f3 Re8 18. Qf2 b5 19. c5 (19. Bd3 $11) 19... Qe7 $17 {[%emt 0:01:10][%csl LRc5,LRe3][%mdl 64] [#] Deflection} 20. Bc1 dxc5 21. g4 c4 22. Bg2 {[%emt 0:01:07] [#]} Qc5 $1 23. Qg3 (23. Qxc5 $17 {was worth a try.} Bxc5 24. Rhe1 Rxe1 25. Rxe1) 23... c3 $19 {[%emt 0:00:05] Hoping for ...cxb2.} 24. Rhe1 Rxe1 25. Rxe1 Bd7 26. g5 (26. b3 $17) 26... h5 {[%emt 0:01:29] ...cxb2 is the strong threat.} 27. g6 (27. b3 $17) 27... fxg6 28. Qxg6 $2 (28. b3 {is tougher.}) 28... Bf5 {[%emt 0:00:05] White must now prevent ...cxb2.} 29. Qg3 cxb2 30. Bxb2 Qxc2+ 31. Ka1 Rd8 {[%emt 0:00:24][%cal Ba8d8,Bd8d2,Bd2d1][%mdl 32] Black mates.} 32. Qf4 Rd2 33. Qe5 Rd1+ {[%emt 0:00:03][%mdl 64] Back Rank. Artfully played by Tokhirjonova.   Weighted Error Value: White=0.70/Black=0.14 (very precise)} 0-1

[Event "American Cup Women Elimination 2023"]
[Site "Saint Louis"]
[Date "2023.03.19"]
[Round "2.2"]
[White "Abrahamyan, Tatev"]
[Black "Nemcova, Katerina"]
[Result "1-0"]
[ECO "B01"]
[WhiteElo "2294"]
[BlackElo "2325"]
[Annotator "TA"]
[PlyCount "107"]
[EventDate "2023.03.15"]
[EventType "k.o."]
[EventCountry "USA"]
[SourceTitle "playchess.com"]
[Source "ChessBase"]
[SourceQuality "1"]
[TimeControl "1500+10"]

1. e4 d5 2. exd5 Qxd5 3. Nc3 Qa5 4. d4 Nf6 5. Nf3 Bf5 6. Bc4 e6 7. Bd2 {[%emt 0:00:26][%cal Oc3d5] Nd5! would be deadly. B01: Scandinavian Defence.} Bb4 8. a3 Bxc3 9. Bxc3 {[%emt 0:00:01] The position is equal.} Qb6 10. Ne5 Nc6 11. O-O O-O {[%emt 0:03:43] 11...Nxe5 deserves study.} 12. Nxc6 Qxc6 13. Bd3 Be4 {[%emt 0:02:03] [#]} 14. f3 $146 ({Predecessor:} 14. Bxe4 Nxe4 15. Qd3 Rfd8 16. Rfe1 Nf6 17. Bd2 Qd6 18. Be3 Ng4 19. g3 Qd5 20. Qe2 {0-1 Urbina Perez,J (2210)-Cornette,M (2545) Seville op 37th 2012 (5)}) 14... Bg6 15. Bxg6 hxg6 16. Qd3 Rfd8 17. Rfe1 Rd5 18. Re5 Rxe5 19. dxe5 Nd5 20. Bd4 Rd8 {[%emt 0:00:13] aiming for ...Nf4.} 21. Bf2 {[%emt 0:00:15] And now c4 would win.} Rd7 22. Rd1 (22. Bxa7 $2 Ne7 23. Qe2 b6 $19) 22... a5 23. b3 a4 24. h3 ({Of course not} 24. c4 Nb6 25. Qb1 axb3 26. Rxd7 Nxd7 27. Qxb3 Nxe5 $17) 24... Kf8 25. Kh2 Ke8 (25... Nb6 $5 26. Qe2 axb3 27. cxb3 Rxd1 28. Qxd1 Nd5 $11) 26. h4 (26. Qe4 $11 {keeps the balance.}) 26... Nb6 (26... Nf4 $17 27. Qxd7+ Qxd7 28. Rxd7 Kxd7) 27. Qe2 $11 Rxd1 28. Qxd1 {[%emt 0:00:01][%mdl 4096] Endgame KQB-KQN} Nd7 29. Bg3 Qc5 30. bxa4 Qxa3 ({Don't play} 30... Nxe5 31. Qa1 Nd7 32. Qxg7 $11) 31. Qb1 b6 $1 ({Much weaker is} 31... Qxa4 32. Qxb7 Qxc2 33. Qa8+ Ke7 34. Qh8 $11) 32. Qb5 Qc5 {[%emt 0:00:09] Dodges Qc6} ({Black should play} 32... Qc3 $15) 33. c4 Qxb5 34. axb5 {[%emt 0:00:01] KB-KN} Nc5 35. Be1 Na4 {[%emt 0:00:15] Hoping for ...Nb2.} 36. Bf2 Nb2 37. c5 Nc4 38. cxb6 cxb6 39. f4 Kd7 40. g4 Kc7 41. Be1 Na3 42. Bb4 Nxb5 43. Bf8 Nd4 44. Bxg7 b5 45. Bf8 {[%emt 0:00:07] Threatens to win with h5.} Ne2 {[%emt 0:00:34] [#]} ({Black should try} 45... Kd7 $11) 46. f5 exf5 47. gxf5 Nd4 {[%emt 0:00:18][%mdl 8192] [#] This costs Black the game.} (47... gxf5 $11 48. h5 Nf4) 48. e6 $1 $18 {[%emt 0:00:15][%mdl 576] Deflection} fxe6 (48... f6 49. fxg6) 49. fxg6 {[%emt 0:00:02] White mates.} Nf5 50. h5 Kd7 51. h6 Nxh6 52. Bxh6 Ke7 53. Bg5+ Kf8 {[%emt 0:00:04] [#]} 54. Bf6 $1 {[%emt 0:00:01] Weighted Error Value: White=0.12 (very precise) /Black=0.24 (precise)} 1-0

[Event "American Cup Women Elimination 2023"]
[Site "Saint Louis"]
[Date "2023.03.21"]
[Round "2.2"]
[White "Abrahamyan, Tatev"]
[Black "Paikidze, Nazi"]
[Result "1/2-1/2"]
[ECO "B15"]
[WhiteElo "2294"]
[BlackElo "2314"]
[Annotator "TA"]
[PlyCount "100"]
[EventDate "2023.03.15"]
[EventType "k.o."]
[EventCountry "USA"]
[SourceTitle "playchess.com"]
[Source "ChessBase"]
[SourceQuality "1"]
[TimeControl "1500+10"]

1. e4 c6 2. d4 d5 3. Nd2 dxe4 4. Nxe4 Nf6 5. Nxf6+ exf6 6. Be3 Bd6 {[%emt 0:00:52] B15: Caro-Kann: 3 Nc3: 3...g6 and 3...dxe4 4 Nxe4 Nf6 5 Nxf6+ exf6.} 7. Bd3 O-O 8. Ne2 Re8 {[%emt 0:00:54][%cal Oc8f5] The position is equal.} 9. O-O Bg4 10. h3 Bh5 11. c4 Nd7 12. Qc2 {[%emt 0:00:19] [#]} Nf8 $146 ({Predecessor:} 12... Bg6 13. Rfd1 Rc8 14. Bxg6 hxg6 15. c5 Bb8 16. Qc4 g5 17. d5 cxd5 18. Qxd5 Qc7 19. Qxd7 {1-0 Pallie,E (1533)-Vithanawasam,O (1345) SRI-ch (Women) 2021 (13)}) 13. Rfe1 Qc7 14. c5 Be7 (14... Bh2+ $11 {might be stronger.} 15. Kh1 Bxe2 16. Rxe2 (16. Qxe2 Bf4 $11) 16... Bf4) 15. Nf4 $14 Bg6 16. b4 (16. d5 $5 cxd5 17. Nxd5 $14) 16... Bxd3 17. Qxd3 Ne6 18. Qf5 g6 19. Qg4 Nxf4 20. Bxf4 Qd8 21. Rad1 Bf8 22. Rxe8 Qxe8 23. d5 cxd5 24. Qf3 Rd8 25. Be3 Qe6 26. Bd4 f5 27. Qc3 Qc6 28. a4 a6 29. Qb3 Bg7 30. b5 axb5 31. axb5 Qe6 {[%emt 0:00:12] [#] ...Bxd4 would be deadly.} 32. Qb2 Bxd4 33. Qxd4 $11 {[%emt 0:00:03][%mdl 4096] Endgame KQR-KQR} Qd7 34. Rb1 Qe6 35. Rc1 Rc8 36. Qc3 (36. f3 $11) 36... Qe8 (36... Qe4 $15) 37. Qb3 (37. b6 $1 $11) 37... Qd7 38. Qa4 d4 39. c6 bxc6 40. bxc6 Qd6 41. Rd1 Qxc6 (41... d3 {is interesting.} 42. Qc4 d2 43. Qc3 Rxc6 44. Qxd2 Qxd2 45. Rxd2 Rc3) 42. Qxd4 Qe6 43. h4 h5 44. Qf4 Re8 45. Qg5 Qe7 46. Qf4 Qe5 47. Qg5 Qe7 48. Qf4 $1 Qe5 49. Qg5 Qe7 50. Qf4 $1 Qe5 {[%emt 0:00:04] Weighted Error Value: White=0.11 (very precise) /Black=0.13 (very precise)} ({Black should try} 50... Qf6 $17 51. g3 Re4) 1/2-1/2